 Dungeon Crawl Stone Soup version 0.31-a0-889-g1a8549509d (webtiles) character file.

Game seed: 15325121284149220419

559 Arzdou the Ruffian (level 7, -1/48 HPs)
             Began as a Demonspawn Shapeshifter on Oct 16, 2023.
             Was a Follower of Fedhas.
             Slain by Eustachio
             ... wielding a +4 falchion of holy wrath
              (2 damage)
             ... on level 4 of the Dungeon.
             The game lasted 00:09:55 (3634 turns).

Arzdou the Ruffian (Demonspawn Shapeshifter)        Turns: 3634, Time: 00:09:57

Health: -1/48      AC:  3    Str: 17    XL:     7   Next: 9%
Magic:  8/8        EV: 11    Int: 11    God:    Fedhas [*.....]
Gold:   141        SH:  0    Dex: 12    Spells: 6/6 levels left

rFire   . .          .
                       - Unarmed
rCold   . . .        (no shield)
rNeg    . . .        m - +0 leather armour
rPois   .            (helmet currently unavailable)
rElec   .            g - melded scarf {rC+ rF+}
rCorr   .            (gloves currently unavailable)
SInv    .            (boots currently unavailable)
Will    .....        q - amulet of faith
Stlth   +            (no ring)
HPRegen 0.28/turn    (no ring)
MPRegen 0.11/turn

%: faith
@: beast-form
A: beast (slay +2), hooves 1, horns 2, weakness stinger 1
a: Begin Untransformation, Renounce Religion


You were on level 4 of the Dungeon.
You worshipped Fedhas.
Fedhas was aware of your devotion.
You were a hulking beast.
You visited 1 branch of the dungeon, and saw 4 of its levels.

You collected 141 gold pieces.

Inventory:

Missiles
 j - 9 poisoned darts
Armour
 g - a scarf of resistance (melded)
 m - a +0 leather armour (worn)
 n - a +0 plate armour
Jewellery
 q - an amulet of faith (around neck)
Talismans
 c - a beast talisman (active)
 d - a flux talisman
Scrolls
 a - a scroll of identify
 e - a scroll of amnesia
 f - 4 scrolls of teleportation
 h - a scroll of vulnerability
 i - a scroll of torment
 l - a scroll of immolation
 o - a scroll of revelation {unknown}
 r - 2 scrolls of noise
 v - a scroll of poison {unknown}
Potions
 b - a potion of lignification
 k - a potion of attraction {unknown}
 p - a potion of degeneration {unknown}
 s - a potion of mutation {unknown}
 t - a potion of curing
 u - a potion of heal wounds {unknown}


   Skills:
 - Level 1.1 Fighting
 - Level 1.8 Dodging
 + Level 5.4 Unarmed Combat
 + Level 1.9 Invocations
 + Level 5.0 Shapeshifting


You had 6 spell levels left.
You didn't know any spells.
Your spell library contained the following spells:

 Spells                   Type           Power      Damage    Failure   Level
 Dazzling Flash           Conj/Hex       0%         N/A       78%         3
 Volatile Blastmotes      Fire/Tloc      0%         2d10      78%         3
 Alistair's Intoxication  Tmut/Pois      0%         N/A       100%        5
 Borgnjor's Vile Clutch   Necr/Erth      0%         N/A       100%        5
 Eringya's Noxious Bog    Tmut/Pois      0%         4d6       100%        6
 Starburst                Conj/Fire      0%         6d3       100%        6
 Maxwell's Capacitive Co  Air            0%         ∞         100%        8


Dungeon Overview and Level Annotations

Branches:
Dungeon (4/15)
 Temple: D:4-7

Altars:
Fedhas
Kikubaaqudgha

Annotations:
D:2 Sigmund
D:4 2 transporters, Eustachio; Shym's ghost, amateur DsWn


Innate Abilities, Weirdness & Mutations

You are a hulking beast.
Your limbs bulge with bestial killing power. (Slay +2)
You have large cloven feet.
You have a pair of horns on your head.
You have a small tail.


Message History

There is an open door here.
You completely miss Eustachio. You kick Eustachio.
Your headbutt misses Eustachio.
Eustachio is lightly wounded.
Eustachio hits you with a +4 falchion of holy wrath.
You convulse.
You miss Eustachio. You kick Eustachio. You headbutt Eustachio.
Eustachio is lightly wounded.
Eustachio hits you with a +4 falchion of holy wrath.
You convulse!
You closely miss Eustachio.
Eustachio is lightly wounded.
A dart slug comes into view.
You hit Eustachio. Your kick misses Eustachio. You headbutt Eustachio.
Eustachio is heavily wounded.
Eustachio hits you with a +4 falchion of holy wrath.
You convulse.
The dart slug launches a dart at you. The slug dart hits you.
You closely miss Eustachio. You kick Eustachio, but do no damage.
Eustachio is heavily wounded.
Eustachio hits you with a +4 falchion of holy wrath.
You convulse.
* * * LOW HITPOINT WARNING * * *
You hit Eustachio.
Your tail-slap misses Eustachio.
Eustachio is heavily wounded.
Eustachio hits you with a +4 falchion of holy wrath.
* * * LOW HITPOINT WARNING * * *
You convulse.
* * * LOW HITPOINT WARNING * * *
The dart slug launches a dart at you. The slug dart hits you.
* * * LOW HITPOINT WARNING * * *
You feel better.
Eustachio hits you with a +4 falchion of holy wrath.
* * * LOW HITPOINT WARNING * * *
You convulse.
You die...
Eustachio twirls his moustache.
Fedhas appreciates your contribution to the ecosystem.

.#..# .#..# ...w..
.#).# #####.<....
.#..# #..........
.#..#
#####..........
.#).#
...............
.#..#
...............
.#..#
.......@.......
©#..# ##h#
##))###########..#
....#............+
....#............#
.#####..###..#####
........###..###
...............#
....#..........#
....#'##.##.##.#


You could see Eustachio and a dart slug.

Vanquished Creatures
  A kobold brigand (D:4)
  A scorpion (D:4)
  3 vampire bats (D:3)
  An orc priest (D:4)
  Jessica (D:2)
  2 orc wizards
  Robin (D:1)
  3 adders
  4 gnolls
  4 worms
  3 dart slugs (D:1)
  10 orcs
  8 ball pythons
  2 bat skeletons (D:3)
  3 bat zombies (D:3)
  6 endoplasms
  2 giant cockroaches
  9 goblins
  9 hobgoblins
  5 jackals
  13 kobolds
  5 quokkas
  4 bats
  A frilled lizard (D:3)
  3 rats
104 creatures vanquished.

Notes
Turn   | Place    | Note
-------+----------+-------------------------------------------
     0 | D:1      | Arzdou the Demonspawn Shapeshifter began the quest for the
                  | Orb.
     0 | D:1      | Reached XP level 1. HP: 15/15 MP: 1/1
   108 | D:1      | Discovered your monstrous ancestry.
   108 | D:1      | Gained mutation: You have a small tail. [demonic ancestry]
   108 | D:1      | Reached XP level 2. HP: 19/21 MP: 2/2
   205 | D:1      | Found a faded altar of an unknown god.
   489 | D:1      | Reached XP level 3. HP: 21/26 MP: 3/3
  1235 | D:2      | Noticed Robin
  1385 | D:1      | Killed Robin
  1386 | D:1      | Gained mutation: You have a pair of small horns on your
                  | head. [demonic ancestry]
  1386 | D:1      | Reached XP level 4. HP: 7/32 MP: 4/4
  1527 | D:2      | Noticed Jessica
  1537 | D:2      | Killed Jessica
  1851 | D:2      | Noticed Sigmund
  2012 | D:3      | Found a blossoming altar of Fedhas.
  2087 | D:3      | Gained mutation: You have large cloven feet. [demonic
                  | ancestry]
  2087 | D:3      | Reached XP level 5. HP: 24/37 MP: 5/5
  2345 | D:3      | Identified the staff "Itacroig" {Conj Tloc}
  2680 | D:3      | Found an ancient bone altar of Kikubaaqudgha.
  2697 | D:3      | Gained mutation: You have a pair of horns on your head.
                  | [demonic ancestry]
  2697 | D:3      | Reached XP level 6. HP: 35/43 MP: 6/6
  2944 | D:4      | Reached skill level 5 in Unarmed Combat
  3087 | D:3      | Became a worshipper of Fedhas Madash
  3161 | D:4      | Found a transporter.
  3164 | D:4      | Noticed Shym's ghost (amateur DsWn)
  3204 | D:4      | Found a transporter.
  3337 | D:4      | Reached skill level 1 in Invocations
  3454 | D:4      | Found the +7 Throatcutter {drain, coup de grace}
  3470 | D:4      | Reached skill level 5 in Shapeshifting
  3470 | D:4      | Reached XP level 7. HP: 9/48 MP: 6/8
  3471 | D:4      | Reached * piety under Fedhas
  3626 | D:4      | Noticed Eustachio
  3633 | D:4      | HP: 1/48 [dart slug/slug dart (2)]
  3634 | D:4      | Slain by Eustachio

Illustrated notes

Levels and vault maps discovered:
D:1:      zaba_arrival_water, layout_loops_ring,
          shapermc_ecumenical_altar_mp_ritualfount
D:2:      layout_basic, serial_bayou_lake_a, uniq_sigmund, uniq_robin,
          uniq_jessica
D:3:      layout_loops_ring, fedhas_altar_1, kennysheep_vampire_church,
          chequers_serial_rivers_marsh, wander_ebering_terrifying_dragon_lair
D:4:      layout_gridville, kennysheep_mini, gammafunk_ghost_mausoleum,
          dilly_guarded_unrand_throatcut, uniq_eustachio, uniq_ijyb

Skill      XL: |  1  2  3  4  5  6 |
---------------+-------------------+-----
Unarmed Combat | 3 4 5 |  5.4
Shapeshifting  | 3 4 5 |  5.0
Invocations    | 1 |  1.9
Fighting       | |  1.1
Dodging        | |  1.8

Action                     |  1- 3 |  4- 6 |  7- 9 || total
---------------------------+-------+-------+-------++-------
  Melee: Unarmed           |   137 |   122 |     9 ||   268
         Tailslap          |     9 |    21 |     1 ||    31
         Punch             |     4 |     3 |       ||     7
         Headbutt          |       |    18 |     2 ||    20
         Kick              |       |    25 |     3 ||    28
    Use: Scroll            |       |     6 |       ||     6
         Potion            |       |       |     2 ||     2
   Stab: Sleeping          |       |     1 |       ||     1
 Armour: Animal skin       |    27 |       |       ||    27
         Leather armour    |    59 |    62 |     9 ||   130
  Dodge: Dodged            |    82 |    55 |     1 ||   138
         Form:             |     1 |       |       ||     1
         Beast             |     1 |       |       ||     1

Table legend: (Time is in decaauts)
 A = Elapsed time spent in this place.
 B = Non-inter-level travel time spent in this place.
 C = Inter-level travel time spent in this place.
 D = Time resting spent in this place.
 E = Time spent auto-exploring this place.
 F = Levels seen in this place.
 G = Mean time per level.
                   A        B        C        D        E       F      G
               +--------+--------+--------+--------+--------+-----+--------+
         Total |   3658 |   3428 |    230 |    605 |   1981 |   4 |  914.5 |
       Dungeon |   3658 |   3428 |    230 |    605 |   1981 |   4 |  914.5 |
               +--------+--------+--------+--------+--------+-----+--------+

Top non-repeatable levels by time:
     D:1: 1020 daAuts
     D:3: 966 daAuts
     D:2: 945 daAuts
     D:4: 726 daAuts
